 Dungeon Crawl Stone Soup version 0.26-a0-651-gb41185065b (webtiles) character file.

Game seed: 17051001919798505958

3871 Lanoc the Basher (level 10, -14/92 HPs)
             Began as a Palentonga Chaos Knight on Oct 16, 2020.
             Was a Plaything of Xom.
             Demolished by an orc knight
             ... wielding a +0 halberd
              (24 damage)
             ... in a bailey.
             The game lasted 00:18:23 (7798 turns).

Lanoc the Basher (Palentonga Chaos Knight)          Turns: 7798, Time: 00:18:23

Health: -14/92     AC: 18    Str: 14    XL:     10   Next: 0%
Magic:  10/10      EV:  9    Int: 12    God:    Xom [...*..]
Gold:   477        SH:  0    Dex: 11    Spells: 9/9 levels left

rFire    . . .     SeeInvis +   a - +1 mace (chaos)
rCold    + . .     Faith    .   (no shield)
rNeg     . . .     Spirit   .   b - +2 leather armour
rPois    .         Reflect  .   (no helmet)
rElec    .         Harm     .   r - +0 cloak
rCorr    .         Rampage  .   (no gloves)
MR       .....     Clarity  +   f - +1 barding
Stlth    +.........             (no amulet)
HPRegen  0.25/turn              g - +4 ring of protection
MPRegen  0.12/turn              d - ring of protection from cold

@: very slightly contaminated, studying Maces & Flails, invisible
A: large, rugged brown scales 3, see invisible, clarity, clumsy 1, deformed
body, screaming 1, weak 1, roll, armoured tail
a: Rolling Charge, Renounce Religion


You were in a bailey.
You worshipped Xom.
You were a favourite toy of Xom.
You visited 2 branches of the dungeon, and saw 9 of its levels.
You also visited: Sewer and Bailey.

You collected 477 gold pieces.

Inventory:

Hand Weapons
 a - a +1 mace of chaos (weapon)
 B - a +4 dire flail
Armour
 b - a +2 leather armour (worn)
 f - a +1 barding (worn)
 r - a +0 cloak (worn)
Jewellery
 d - a ring of protection from cold (right hand)
 g - a +4 ring of protection (left hand)
Wands
 q - a wand of iceblast (5)
 y - a wand of paralysis (8)
Scrolls
 e - 3 scrolls of fog
 s - a scroll of immolation
 x - a scroll of amnesia
Potions
 l - 4 potions of curing
 m - 2 potions of brilliance
 n - 5 potions of magic
 p - a potion of stabbing
 v - a potion of ambrosia
 w - a potion of heal wounds
 z - a potion of lignification
Books
 j - a manual of Maces & Flails
Miscellaneous
 u - a phial of floods (inert)


   Skills:
 + Level 7.1 Fighting
 * Level 12.5 Maces & Flails
 + Level 5.5 Armour
 + Level 5.3 Dodging


You had 9 spell levels left.
You didn't know any spells.
Your spell library contained the following spells:

 Spells                   Type           Power        Failure   Level
 Foxfire                  Conj/Fire      #...         38%         1
 Conjure Flame            Conj/Fire      #.......     77%         3
 Inner Flame              Hex/Fire       #.......     77%         3
 Sticky Flame             Conj/Fire      #.......     99%         4
 Fireball                 Conj/Fire      #.........   100%        5


Dungeon Overview and Level Annotations

Branches:
Dungeon (8/15)             Temple (1/1) D:7           Sewer (visited)
 Bailey (1/1)
   Lair: D:8-11

Altars:
Cheibriados
Dithmenos
Kikubaaqudgha
Okawaru
Ru
Wu Jian
Yredelemnul

Annotations:
D:7 PanSaczeczos's ghost, novice TrGl
D:8 Prince Ribbit


Innate Abilities, Weirdness & Mutations

You are completely covered in rugged brown scales. (AC +3, +7% HP)
You have supernaturally acute eyesight. (SInv)
Armour fits poorly on your strangely shaped body.
You can roll at foes to attack.
You have a long armoured tail.
You possess an exceptional clarity of mind.
You are clumsy. (Dex -2)
You occasionally shout uncontrollably at your foes.
You are weak. (Str -2)


Message History

The iceblast engulfs the orc warrior!
You kill the orc warrior!
You have reached level 10!
You hear a shout! x2
The orc knight hits you from afar with a +0 halberd!!
* * * LOW HITPOINT WARNING * * *
An orc comes into view. It is wielding a +0 spear.
An orc comes into view. It is wielding a +0 hand axe.
Evoke which item? (* to show all) (? for menu, Esc to quit)
Aiming: Iceblast
Press: ? - help, Shift-Dir - straight line, f/p - orc knight
Aim: an orc knight, wielding a +0 halberd and wearing a +0 chain mail (moderately wounded, strong)
The mass of ice explodes!
The iceblast engulfs the orc knight!
The orc knight is moderately wounded.
The iceblast engulfs the orc knight.
The orc knight is lightly wounded.
The orc knight shouts!
You hear a shout! x3
The orc knight hits you from afar with a +0 halberd!!
You die...
Xom titters!

############
#.....@....##
oo.......o...#
'oo.....?o?..#
'.o.....?)?.∩#
'.......???..#
'............#
##..........##
############


You could see 3 orc knights, an orc warrior (wandering) and 3 orcs.

Vanquished Creatures
  A steam dragon (D:6)
  Menkaure (D:4)
  9 orc warriors
  An ice beast (D:7)
  3 ogres (D:7)
  A sky beast (D:5)
  2 necrophages
  A black bear (D:7)
  A centaur (D:7)
  A big kobold (D:4)
  7 bullfrogs
  A scorpion (D:6)
  A howler monkey (D:6)
  5 killer bees (D:7)
  A wight (D:8)
  A quasit (D:8)
  2 hounds
  4 orc wizards
  A gnoll shaman (D:6)
  8 worker ants
  2 hound skeletons
  A worker ant zombie (D:7)
  12 gnolls
  7 adders
  6 river rats
  2 shadow imps (D:5)
  3 white imps
  2 ufetubi (D:7)
  An adder zombie (D:8)
  2 adder skeletons
  2 worms
  2 dart slugs
  7 leopard geckos
  40 orcs
  5 giant cockroaches
  3 goblins
  3 hobgoblins
  9 jackals
  A quokka (D:4)
  13 ball pythons (Sewer)
  4 bats
  5 frilled lizards
  A jackal skeleton (D:4)
  2 jackal zombies
  14 kobolds
  2 quokka zombies
  25 rats
228 creatures vanquished.

Vanquished Creatures (collateral kills)
  A phantom (D:6)
  A worker ant (D:5)
  2 gnolls (D:5)
  A quokka zombie (D:5)
5 creatures vanquished.

Vanquished Creatures (others)
  An orc priest (D:5)
  An orc (D:5)
  3 withered plants (D:8)
5 creatures vanquished.

Grand Total: 238 creatures vanquished

Notes
Turn   | Place    | Note
-------+----------+-------------------------------------------
     0 | D:1      | Lanoc the Palentonga Chaos Knight began the quest for the
                  | Orb.
     0 | D:1      | Reached XP level 1. HP: 20/20 MP: 1/1
   121 | D:1      | Reached skill level 1 in Dodging
   121 | D:1      | Reached XP level 2. HP: 27/27 MP: 2/2
   363 | D:3      | Reached XP level 3. HP: 33/33 MP: 3/3
   446 | D:3      | XOM: silly message
   840 | D:3      | Reached XP level 4. HP: 39/40 MP: 4/4
   858 | D:3      | Found a sacrificial altar of Ru.
   914 | D:3      | XOM: silly message
  1001 | D:3      | Found a shadowy altar of Dithmenos.
  1227 | D:4      | Noticed a bullfrog
  1237 | D:4      | Killed a bullfrog
  1237 | D:4      | Reached skill level 4 in Maces & Flails
  1237 | D:4      | Reached XP level 5. HP: 43/49 MP: 5/5
  1358 | D:4      | XOM: silly message
  1668 | D:4      | XOM: noise
  1905 | D:4      | Noticed Menkaure
  1907 | D:4      | XOM: potion effect (haste)
  1980 | D:5      | Entered Level 5 of the Dungeon
  1997 | D:5      | XOM: silly message
  2038 | D:5      | Reached skill level 5 in Maces & Flails
  2042 | D:5      | Reached XP level 6. HP: 43/55 MP: 6/6
  2292 | D:5      | Found a glowing drain.
  2299 | Sewer    | Entered a sewer
  2363 | Sewer    | Reached skill level 6 in Maces & Flails
  2391 | Sewer    | XOM: potion effect (haste)
  2484 | Sewer    | XOM: noise
  2578 | Sewer    | XOM: divination: detect creatures
  2633 | Sewer    | Reached XP level 7. HP: 54/64 MP: 7/7
  2742 | Sewer    | Reached skill level 7 in Maces & Flails
  2858 | D:5      | XOM: summons friendly ufetubus
  3147 | D:5      | XOM: summons friendly ufetubus
  3366 | D:6      | Noticed a steam dragon
  3391 | D:6      | XOM: enchant monster (good)
  3399 | D:6      | Noticed a shapeshifter
  3399 | D:6      | a howler monkey changed into a shapeshifter
  3399 | D:6      | XOM: polymorph howler monkey -> shapeshifter
  3399 | D:6      | Noticed a fire crab
  3399 | D:6      | a shapeshifter changed into a fire crab
  3405 | D:5      | XOM: summons 6 friendly demons
  3540 | D:5      | XOM: give mutation
  3540 | D:5      | Gained mutation: You are weak. (Str -2) [Xom's mischief]
  3571 | D:4      | XOM: god gift: 20 gold pieces
  3581 | D:4      | Reached skill level 8 in Maces & Flails
  3621 | D:4      | XOM: summons 4 hostile demons
  3651 | D:4      | XOM: divination: detect items
  3860 | D:4      | XOM: god gift: book of Flames
  3901 | D:4      | XOM: fake destruction
  3906 | D:4      | XOM: potion effect (brilliance)
  3934 | D:4      | Reached skill level 5 in Fighting
  4239 | D:4      | Killed Menkaure
  4239 | D:4      | Reached XP level 8. HP: 36/72 MP: 8/8
  4444 | D:4      | XOM: god gift: quarterstaff {god gift}
  4595 | D:6      | Reached skill level 9 in Maces & Flails
  4612 | D:6      | XOM: fog
  4688 | D:6      | XOM: summons 8 friendly demons
  4886 | D:6      | XOM: god gift: phial of floods
  4895 | D:6      | Reached skill level 10 in Maces & Flails
  5081 | D:6      | XOM: polymorph water moccasin -> howler monkey
  5086 | D:6      | XOM: divination: detect creatures
  5288 | D:6      | XOM: give mutations
  5288 | D:6      | Gained mutation: You are clumsy. (Dex -2) [Xom's mischief]
  5288 | D:6      | Gained mutation: You occasionally shout uncontrollably at
                  | your foes. [Xom's mischief]
  5510 | D:7      | Reached XP level 9. HP: 60/80 MP: 9/9
  5606 | D:7      | XOM: summons friendly white imp
  5635 | D:7      | Found an ancient bone altar of Kikubaaqudgha.
  5635 | D:7      | Found an iron altar of Okawaru.
  5636 | D:7      | Found a basalt altar of Yredelemnul.
  5636 | D:7      | Found a snail-covered altar of Cheibriados.
  5639 | D:7      | Found an ornate altar of the Wu Jian Council.
  5726 | D:7      | XOM: cloud trail
  5919 | D:7      | Found a transporter.
  5980 | D:7      | Found a transporter.
  5980 | D:7      | Noticed PanSaczeczos's ghost (novice TrGl)
  6000 | D:7      | Found a staircase to the Ecumenical Temple.
  6010 | D:7      | Reached skill level 11 in Maces & Flails
  6013 | D:7      | XOM: divination: magic mapping
  6157 | D:7      | XOM: cloud trail
  6238 | Temple   | Entered the Ecumenical Temple
  6477 | D:7      | XOM: give mutation
  6477 | D:7      | Gained mutation: You possess an exceptional clarity of
                  | mind. [Xom's grace]
  6599 | D:7      | Reached skill level 5 in Armour
  6608 | D:7      | XOM: silly message
  6670 | D:7      | XOM: enchant monster (good)
  6672 | D:7      | XOM: divination: detect items
  6924 | D:7      | XOM: cleaving
  6934 | D:7      | XOM: confuse monster(s)
  6968 | D:7      | XOM: summons 2 hostile demons
  7240 | D:8      | Found an ornate altar of the Wu Jian Council.
  7245 | D:8      | Found a flagged portal.
  7258 | D:8      | XOM: 2-stop teleportation journey
  7259 | D:8      | Noticed Prince Ribbit
  7267 | D:8      | XOM: stat loss: -1 Int (11/12)
  7269 | D:8      | XOM: confuse monster(s)
  7297 | D:8      | XOM: chaos upgrade
  7305 | D:8      | XOM: swap monsters
  7334 | Bailey   | Entered a bailey
  7544 | Bailey   | XOM: silly message
  7626 | Bailey   | Reached skill level 5 in Dodging
  7626 | Bailey   | Reached skill level 12 in Maces & Flails
  7723 | Bailey   | XOM: silly message
  7789 | Bailey   | XOM: 2-stop teleportation journey
  7790 | Bailey   | Noticed an orc knight
  7790 | Bailey   | Noticed an orc knight
  7795 | Bailey   | Noticed an orc knight
  7797 | Bailey   | Reached XP level 10. HP: 32/92 MP: 10/10
  7798 | Bailey   | Demolished by an orc knight

Illustrated notes

Levels and vault maps discovered:
D:1:      mrwooster_arrival_statue, layout_basic, chequers_serial_rivers_micro_b
D:2:      layout_basic, uniq_jessica
D:3:      layout_loops_ring, old_standard_altar, grunt_dithmenos_smoke,
          st_stairs_4
D:4:      cheibrodos_thug_alley, layout_basic, minmay_manual_mess, uniq_menkaure
D:5:      layout_rooms, gup_sewer_entry_bubbles, minmay_parallelograms
D:6:      layout_loops_cross
D:7:      layout_loops_ring, grunt_temple_overflow_open, temple_doors_cd,
          gammafunk_ghost_smash
D:8:      layout_cave_pools, enter_bailey_8, gammafunk_ghost_arena, basic_altar,
          serial_undead, serial_undead_c, serial_undead_e, serial_undead_e,
          serial_undead_e, serial_undead_b, serial_undead_e, serial_undead_b,
          kennysheep_path_1, minivault_24, uniq_prince_ribbit1
Temple:   regret_index_temple_generic_petals
Bailey:   bailey_polearm_5, bailey

Skill      XL: |  1  2  3  4  5  6  7  8  9 |
---------------+----------------------------+-----
Dodging        | 1 2 3 4 5 |  5.3
Armour         | 2 3 4 5 |  5.5
Maces & Flails | 4 5 6 8 10 12 | 12.5
Fighting       | 4 5 6 7 |  7.1

Action                   |  1- 3 |  4- 6 |  7- 9 | 10-12 || total
-------------------------+-------+-------+-------+-------++-------
Melee: Mace              |    83 |   222 |   541 |       ||   846
       Tailslap          |     5 |    20 |    57 |       ||    82
 Abil: Rolling Charge    |    13 |    15 |    33 |       ||    61
Evoke: Wand              |       |       |    10 |     2 ||    12
       Phial of floods   |       |       |     1 |       ||     1
  Use: Scroll            |       |     5 |    15 |       ||    20
       Potion            |       |     3 |     3 |       ||     6
 Stab: Petrified         |     2 |     2 |     7 |       ||    11
       Petrifying        |       |     1 |       |       ||     1
       Paralysed         |       |       |     6 |       ||     6
       Confused          |       |       |     1 |       ||     1
Armor: Leather armour    |    46 |   168 |   405 |       ||   619
       Skin              |       |    24 |       |       ||    24
Dodge: Dodged            |    31 |   130 |   321 |       ||   482

Table legend: (Time is in decaauts)
 A = Elapsed time spent in this place.
 B = Non-inter-level travel time spent in this place.
 C = Inter-level travel time spent in this place.
 D = Time resting spent in this place.
 E = Time spent auto-exploring this place.
 F = Levels seen in this place.
 G = Mean time per level.
                   A        B        C        D        E       F      G
               +--------+--------+--------+--------+--------+-----+--------+
         Total |   7852 |   7670 |    182 |   1100 |   4587 |  11 |  713.8 |
       Dungeon |   6797 |   6615 |    182 |    748 |   4262 |   8 |  849.6 |
        Temple |      1 |      1 |      0 |      0 |      0 |   1 |    1.0 |
         Sewer |    595 |    595 |      0 |      0 |    325 |   1 |  595.0 |
        Bailey |    458 |    458 |      0 |    352 |      0 |   1 |  458.0 |
               +--------+--------+--------+--------+--------+-----+--------+

Top non-repeatable levels by time:
     D:7: 1725 daAuts
     D:4: 1633 daAuts
     D:5: 1071 daAuts
     D:6: 1017 daAuts
     D:3: 950 daAuts
   Sewer: 595 daAuts
  Bailey: 458 daAuts
     D:1: 241 daAuts
     D:8: 109 daAuts
     D:2: 48 daAuts
  Temple: 1 daAuts
